 Dungeon Crawl Stone Soup version 0.30-a0-540-g0af01429fa (webtiles) character file.

Game seed: 17365207111660825689

3873202 freelancePsychic the Wrestler (level 26, 283/283 HPs)
             Began as a Troll Hexslinger on Dec 26, 2022.
             Was the Champion of Jiyva.
             Escaped with the Orb
             ... and 5 runes!
             The game lasted 02:03:25 (52898 turns).

freelancePsychic the Wrestler (Troll Hexslinger)   Turns: 52898, Time: 02:03:25

Health: 283/283    AC: 32    Str: 27 (29) XL:     26   Next: 88%
Magic:  27/27      EV: 28    Int:  8      God:    Jiyva [******]
Gold:   6229       SH: 32    Dex: 35      Spells: 27/27 levels left

rFire   + + +      SeeInvis +      - Unarmed
rCold   + + +      Faith    .    Y - +5 tower shield of Disguise {Rampage rC+ Slay+3}
rNeg    + + +      Spirit   .    U - +10 pearl dragon scales
rPois   +          Reflect  .    T - -2 hat of the Alchemist {rElec rPois rF+ rC+ rN+ Will+ rMut rCorr}
rElec   +          Harm     .    h - +2 cloak
rCorr   +          Rampage  +    (gloves unavailable)
rMut    +          Clarity  +    (boots unavailable)
Will    ++...                    F - amulet "Onnex" {RegenMP Regen+ Dex+4}
Stlth   +                        Z - +6 ring of dexterity
HPRegen 3.87/turn                P - ring "Ulimmeto" {*Slow rF+ rC+ rN+ Dex+8}
MPRegen 1.10/turn

@: studying Translocations
A: large, unfitting armour, claws 3, regeneration 1, shaggy fur 1, tough skin 1,
horns 1, iridescent scales 1, clarity, cold resistance 1, fire resistance 2,
strong 1, acidic bite, eyeballs 3, translucent skin 1, evolution 1, MP-powered
wands
0: Orb of Zot
}: 5/15 runes: decaying, slimy, silver, abyssal, gossamer
a: Renounce Religion, Oozemancy, Slimify


You escaped.
You worshipped Jiyva.
Jiyva was exalted by your worship.
You visited 13 branches of the dungeon, and saw 57 of its levels.
You visited the Abyss 3 times.
You visited 1 bazaar.
You also visited: Sewer, Ossuary, Gauntlet, Ice Cave and Wizlab.

You collected 8821 gold pieces.
You spent 2592 gold pieces at shops.

Inventory:

Hand Weapons
 c - a +2 demon whip of venom
 O - a +1 demon blade of flaming
Missiles
 j - 14 silver javelins
 k - 92 large rocks (quivered)
 n - 10 curare-tipped darts
 q - 5 javelins
 u - 3 throwing nets
 y - 18 boomerangs
Armour
 h - a +2 cloak (worn)
 K - the +2 shield of Resistance {rF++ rC++ Will++}
   (You found it on level 2 of the Depths)

   rF:        It greatly protects you from fire.
   rC:        It greatly protects you from cold.
   Will:      It greatly increases your willpower.
 Q - the +2 hat "Citimuh" {Dex+3}
   (You acquired it on level 11 of the Dungeon)

   Dex:       It affects your dexterity (+3).
 T - the -2 hat of the Alchemist (worn) {rElec rPois rF+ rC+ rN+ Will+ rMut rCorr}
   (You bought it in a shop on level 4 of the Depths)

   rF:        It protects you from fire.
   rC:        It protects you from cold.
   rElec:     It insulates you from electricity.
   rPois:     It protects you from poison.
   rN:        It protects you from negative energy.
   rCorr:     It protects you from acid and corrosion.
   rMut:      It protects you from mutation.
   Will:      It increases your willpower.
 U - +10 pearl dragon scales (worn)
 Y - the +5 tower shield of Disguise (worn) {Rampage rC+ Slay+3}
   (You acquired it in a wizard's laboratory)

   Slay:      It affects your accuracy & damage with ranged weapons and melee
   (+3).
   rC:        It protects you from cold.
   Rampage:   It bestows one free step when moving towards enemies.
Jewellery
 F - the amulet "Onnex" (around neck) {RegenMP Regen+ Dex+4}
   (You found it on level 12 of the Dungeon)

   [amulet of magic regeneration]

   It increases your rate of magic regeneration.
   Dex:       It affects your dexterity (+4).
   Regen:     It increases your rate of health regeneration.
 M - a ring of poison resistance
 P - the ring "Ulimmeto" (right claw) {*Slow rF+ rC+ rN+ Dex+8}
   (You found it on level 2 of the Lair of Beasts)

   [ring of protection from cold]

   Dex:       It affects your dexterity (+8).
   rF:        It protects you from fire.
   rC:        It protects you from cold.
   rN:        It protects you from negative energy.
   *Slow:     It may slow you when you take damage.
 V - the amulet of the Four Winds {rN+ Will+++ Clar}
   (You took it off a deep elf sorcerer on level 3 of the Elven Halls)

   [amulet of nothing]

   rN:        It protects you from negative energy.
   Clar:      It protects you against confusion.
   Will:      It greatly increases your willpower.
 Z - a +6 ring of dexterity (left claw)
Wands
 o - a wand of flame (63)
 z - a wand of quicksilver (37)
 A - a wand of charming (44)
 C - a wand of roots (25)
 L - a wand of digging (4)
 N - a wand of polymorph (23)
Scrolls
 b - 9 scrolls of poison
 d - a scroll of summoning
 f - a scroll of silence
 g - 31 scrolls of teleportation {@r4}
 i - 8 scrolls of blinking
 p - 2 scrolls of enchant armour
 s - 7 scrolls of immolation
 D - 8 scrolls of enchant weapon
 G - 3 scrolls of fear
 S - a scroll of magic mapping
 X - 4 scrolls of fog
Potions
 a - 2 potions of invisibility
 e - 4 potions of heal wounds {@q2}
 l - 7 potions of flight
 m - 7 potions of lignification
 r - 24 potions of curing {@q1}
 t - 10 potions of attraction
 v - 13 potions of ambrosia
 w - 2 potions of cancellation
 x - 4 potions of haste {@q3}
 B - 5 potions of brilliance
 E - 4 potions of magic
 I - 4 potions of resistance
 J - 5 potions of berserk rage
 W - 10 potions of might
Miscellaneous
 H - a condenser vane
 R - a lightning rod (4/4)


   Skills:
 - Level 20.0 Fighting
 - Level 1.2 Ranged Weapons
 - Level 14.0 Armour
 - Level 20.0 Dodging
 - Level 19.1 Shields
 + Level 26.8 Unarmed Combat
 - Level 1.0 Spellcasting
 - Level 2.0 Hexes
 - Level 7.4 Invocations


You had 27 spell levels left.
You didn't know any spells.
Your spell library contained the following spells:

 Spells                   Type           Power      Damage    Failure   Level
 Slow                     Hex            12%        N/A       56%         1
 Apportation              Tloc           0%         N/A       83%         1
 Beastly Appendage        Tmut           0%         N/A       83%         1
 Freeze                   Ice            0%         1d3       83%         1
 Kiss of Death            Conj/Necr      0%         2d5       83%         1
 Magic Dart               Conj           0%         1d3       83%         1
 Necrotise                Necr           0%         1d4       83%         1
 Sandblast                Erth           0%         2d4       83%         1
 Summon Small Mammal      Summ           0%         N/A       83%         1
 Ensorcelled Hibernation  Hex/Ice        4%         N/A       83%         2
 Confusing Touch          Hex            3%         N/A       90%         3
 Call Imp                 Summ           0%         N/A       93%         2
 Passwall                 Tmut/Erth      0%         N/A       93%         2
 Poisonous Vapours        Pois/Air       0%         N/A       93%         2
 Searing Ray              Conj           0%         2d4       93%         2
 Static Discharge         Conj/Air       0%         2-2/arc   93%         2
 Wereblood                Tmut           0%         N/A       93%         2
 Dazzling Flash           Conj/Hex       4%         N/A       97%         3
 Inner Flame              Hex/Fire       2%         N/A       97%         3
 Portal Projectile        Hex/Tloc       4%         N/A       97%         3
 Summon Guardian Golem    Hex/Summ       2%         N/A       97%         3
 Call Canine Familiar     Summ           0%         N/A       99%         3
 Hailstorm                Conj/Ice       0%         3d3       99%         3
 Ignite Poison            Fire/Tmut/Pois 0%         N/A       99%         3
 Mephitic Cloud           Conj/Pois/Air  0%         N/A       99%         3
 Ozocubu's Armour         Ice            0%         N/A       99%         3
 Spider Form              Tmut/Pois      0%         N/A       99%         3
 Stone Arrow              Conj/Erth      0%         3d7       99%         3
 Swiftness                Air            0%         N/A       99%         3
 Vampiric Draining        Necr           0%         2d6       99%         3
 Vhi's Electric Charge    Tloc/Air       0%         N/A       99%         3
 Airstrike                Air            0%         2d(0-16)  100%        4
 Anguish                  Hex/Necr       1%         N/A       100%        4
 Cause Fear               Hex            1%         N/A       100%        4
 Dispel Undead            Necr           0%         3d6       100%        4
 Flame Wave               Conj/Fire      0%         2d4       100%        4
 Fulminant Prism          Conj/Hex       1%         3d5       100%        4
 Leda's Liquefaction      Hex/Erth       1%         N/A       100%        4
 Olgreb's Toxic Radiance  Pois           0%         N/A       100%        4
 Petrify                  Tmut/Erth      0%         N/A       100%        4
 Sticky Flame             Conj/Fire      0%         2d3       100%        4
 Summon Ice Beast         Ice/Summ       0%         N/A       100%        4
 Summon Lightning Spire   Summ/Air       0%         N/A       100%        4
 Agony                    Necr           0%         N/A       100%        5
 Alistair's Intoxication  Tmut/Pois      0%         N/A       100%        5
 Arcjolt                  Conj/Air       0%         1d10      100%        5
 Borgnjor's Vile Clutch   Necr/Erth      0%         N/A       100%        5
 Fireball                 Conj/Fire      0%         3d3       100%        5
 Irradiate                Conj/Tmut      0%         3d11      100%        5
 Iskenderun's Battlesphe  Conj           0%         2d6       100%        5
 Lee's Rapid Deconstruct  Erth           0%         3d4*      100%        5
 Lightning Bolt           Conj/Air       0%         1d11      100%        5
 Metabolic Englaciation   Hex/Ice        1%         N/A       100%        5
 Summon Forest            Summ/Tloc      0%         N/A       100%        5
 Summon Mana Viper        Hex/Summ       2%         N/A       100%        5
 Eringya's Noxious Bog    Tmut/Pois      0%         N/A       100%        6
 Iron Shot                Conj/Erth      0%         9d1       100%        6
 Simulacrum               Ice/Necr       0%         N/A       100%        6
 Starburst                Conj/Fire      0%         6d3       100%        6
 Statue Form              Tmut/Erth      0%         N/A       100%        6
 Enfeeble                 Hex            1%         N/A       100%        7
 Haunt                    Necr/Summ      0%         N/A       100%        7
 Monstrous Menagerie      Summ           0%         N/A       100%        7
 Orb of Destruction       Conj           0%         9d5       100%        7
 Ozocubu's Refrigeration  Ice            0%         4d7       100%        7
 Spellforged Servitor     Conj/Summ      0%         N/A       100%        7
 Storm Form               Tmut/Air       0%         N/A       100%        7
 Borgnjor's Revivificati  Necr           0%         N/A       100%        8
 Discord                  Hex            1%         N/A       100%        8
 Ignition                 Fire           0%         3d3       100%        8
 Maxwell's Capacitive Co  Air            0%         ∞         100%        8
 Necromutation            Tmut/Necr      0%         N/A       100%        8
 Death's Door             Necr           0%         N/A       100%        9
 Dragon's Call            Summ           0%         N/A       100%        9
 Fire Storm               Conj/Fire      0%         5d1       100%        9


Dungeon Overview and Level Annotations

Branches:
Dungeon (15/15)            Temple (1/1) D:6            Lair (5/5) D:9
  Swamp (4/4) Lair:3       Spider (4/4) Lair:3        Slime (5/5) Lair:5
    Orc (2/2) D:11            Elf (3/3) Orc:2        Vaults (5/5) D:13
  Crypt (3/3) Vaults:2       Tomb (0/3) Crypt:3      Depths (4/4) D:15
   Hell (visited)             Zot (5/5) Depths:4      Sewer (visited)
Ossuary (visited)           IceCv (visited)          WizLab (visited)
Gauntlet (visited)
    Dis: Hell:1         Geh: Hell:1         Coc: Hell:1         Tar: Hell:1

Altars:
Ashenzari
Cheibriados
Dithmenos
Elyvilon
Fedhas
Gozag
Hepliaklqana
Kikubaaqudgha
Makhleb
Nemelex Xobeh
Okawaru
Qazlal
Ru
Sif Muna
Trog
Uskayaw
Vehumet
Wu Jian
Xom
Yredelemnul
Zin
The Shining One
Jiyva
Lugonu

Shops:
D:1 ?   D:9 (*   Orc:2 =(*(   Elf:1 ?   Elf:2 [![!   Elf:3 ?   Depths:1 (
Depths:4 [

Portals:
Hell: Depths:1 Depths:2 Depths:3 Depths:4
Abyss: Elf:1 Depths:3 Depths:4
Pandemonium: Depths:2
Ziggurat: Depths:2

Annotations:
D:3 exclusion: statue
D:9 3 runed translucent doors, bmack86's ghost, novice MiFi
D:14 exclusion: oklob plant
D:15 exclusion: obsidian statue
Lair:4 2 transporters, experimilk's ghost, journeyman DrCj
Lair:5 exclusion: obsidian statue
Swamp:1 3 runed translucent doors, Foxy's ghost, adept HuFi
Swamp:2 2 transporters, exclusion: orange crystal statue
Slime:5 Royal Jelly
Elf:2 3 runed translucent doors
Hell Geryon


Innate Abilities, Weirdness & Mutations

You are too large for most types of armour.
You have claws for hands.
Your natural rate of healing is unusually fast.
You are covered in fur. (AC +1)
You have tough skin. (AC +1)
You have a pair of small horns on your head.
You are partially covered in iridescent scales. (AC +2)
You possess an exceptional clarity of mind.
Your flesh is cold resistant. (rC+)
Your flesh is very heat resistant. (rF++)
Your muscles are strong. (Str +4, Int/Dex -1)
You have acidic saliva.
Your body is covered in eyes which may confuse attackers. (Acc +7, SInv)
Your translucent skin slightly reduces your foes' accuracy. (Stealth+)
You have hidden genetic potential.
You expend magic power (3 MP) to strengthen your wands.


Message History

You miss the angel.
The angel is moderately wounded.
You block the angel's attack. x2
You mangle the angel!! You headbutt the angel.
You bite the angel, but do no damage.
The angel is severely wounded.
You claw the angel!
The angel is almost dead.
The angel gestures.
The angel is healed somewhat.
You barely miss the angel. Your bite misses the angel.
The angel is severely wounded.
You block the angel's attack. x2
You eviscerate the angel!!!
You kill the angel!
No target in view!
No target in view!
No target in view!
No target in view!
No target in view!
No target in view!
No target in view!
No target in view!
No target in view!
No target in view!
No target in view!
No target in view!
No target in view!
No target in view!
(D) Dungeon (T) Temple (L) Lair (S) Swamp (N) Spider Nest (M) Slime Pits (O) Orcish Mines (E) Elven Halls (V) Vaults (C) Crypt (W) Tomb (U) Depths (H) Hell (Z) Zot
Where to? (Enter - D:1 @ (x,y), ? - help)
Things that are here:
a +2 whip of holy wrath; a +0 robe You open the door.
There is an open door here.
There is a staircase leading out of the dungeon here.
You have escaped!

.####...................)......#.
####....................###......
# #.............∩###....# #.#....
# #...........##)# #..### #.###..
###...[.......##'###'######.# #..
.#............#...#...#...#.# #..
...##......##.#...#.>.#.....###..
#..#..####.#..#...#...#......##..
#.....# #.#..#.@.#.>.#..........
......# #.#..#...#...#......####
.....#####.#..#...#.>.#......####
..............#...#...#....(†....
.....#####.#..##'###'##......####
#....# #.........).......#.#
†....# ####......##.....##.#
.....# ####.....#######.# .....#
#####.....###.#


There were no monsters in sight!

Vanquished Creatures
  3 dread liches
  A pandemonium lord (Depths:1)
  2 ancient liches
  5 orbs of fire (Zot:5)
  Mara (Elf:3)
  Sojobo (Crypt:1)
  Vv (Depths:3)
  6 Killer Klowns (Zot:5)
  Saint Roka (Vaults:5)
  A curse toe (Zot:4)
  Nikola (Depths:1)
  11 golden dragons
  A profane servitor (Abyss:4)
  Arachne (Spider:4)
  Jory (Vaults:4)
  5 electric golems
  6 bone dragons
  A tainted leviathan (Depths:1)
  20 tentacled monstrosities
  A shard shrike skeleton (Crypt:3)
  An Ice Fiend (Zot:2)
  Zenata (Elf:3)
  4 liches
  30 Orb Guardians
  2 walking earthen tomes (Zot:4)
  A deep elf blademaster (Elf:3)
  12 quicksilver dragons
  8 titans
  A deep elf master archer (Elf:3)
  8 ancient champions
  Asterion (Spider:1)
  4 tentacled starspawn
  11 death cobs
  6 sphinxes
  2 Executioners
  Gastronok (D:8)
  2 thorn hunters
  Roxanne (Spider:4)
  Kirke (D:12)
  5 tengu reavers
  8 storm dragons
  3 draconian knights
  A daeva (Abyss:4)
  7 shadow dragons
  3 revenants
  6 draconian monks
  3 narguns (Zot:4)
  7 frost giants
  5 fire giants
  9 deep elf sorcerers
  13 vault wardens
  3 balrugs (Depths:1)
  6 emperor scorpions
  6 draconian shifters
  A cacodemon (Depths:1)
  5 draconian scorchers
  12 ghouls
  Aizul (Spider:4)
  Louise (Depths:3)
  20 ironbound preservers
  7 ghost moths
  An angel (D:1)
  3 draconian stormcallers
  2 orc warlords (Vaults:4)
  6 deep elf elementalists
  2 war gargoyles
  14 stone giants
  A curse skull (Crypt:1)
  3 demonspawn corrupters (WizLab)
  6 reapers
  5 draconian annihilators
  A caustic shrike skeleton (Crypt:3)
  Nessos (D:13)
  10 very ugly things
  7 ironbound thunderhulks
  4 vampire knights
  3 broodmothers
  A juggernaut skeleton (Crypt:3)
  3 eleionomae (Swamp:2)
  5 putrid mouths (Depths:1)
  8 deep elf demonologists
  A minotaur (Gauntlet)
  9 red draconians
  7 yellow draconians
  5 deep elf annihilators
  12 green draconians
  A lorocyproca (Hell)
  28 purple draconians
  3 bunyips (Swamp:4)
  2 spark wasps (Spider:4)
  11 dire elephants
  5 black draconians
  13 ettins
  11 white draconians
  An ettin (shapeshifter) (Vaults:5)
  2 eidola
  12 deep elf death magi
  2 green deaths
  6 entropy weavers
  5 crystal guardians
  9 jiangshi
  3 blizzard demons (Depths:1)
  Harold (D:11)
  Josephine (Lair:5)
  A shambling mangrove (Swamp:4)
  9 fire dragons
  A peacekeeper (Vaults:2)
  4 quicksilver dragon skeletons (Crypt:2)
  15 yaktaur captains
  9 deep elf high priests
  Fannar (D:11)
  A caustic shrike simulacrum (Hell)
  5 rakshasas
  19 hydras
  2 spriggan skeletons (Crypt:3)
  A fenstrider witch zombie (Crypt:1)
  7 ice dragons
  4 jorogumos
  2 ogre magi (Vaults:5)
  29 vault guards
  A death knight (Crypt:3)
  5 spriggan air magi
  7 boulder beetles
  4 centaur warriors
  2 merfolk aquamancers (WizLab)
  11 ironbound frosthearts
  A catoblepas (D:15)
  18 dancing weapons
  2 two-headed ogres
  2 death yaks (Lair:5)
  4 ghost crabs
  8 radroaches
  6 alligators
  6 deep troll shamans
  5 death scarabs (Spider:4)
  8 hell hogs
  4 tengu warriors
  9 vampire magi
  11 hell knights
  9 deep troll earth magi
  11 sun demons
  Urug (D:13)
  3 spriggan berserkers
  12 deep elf knights
  5 thrashing horrors
  Sonja (D:11)
  A titan skeleton (Crypt:3)
  7 soul eaters
  8 iron trolls
  A spark wasp zombie (Crypt:3)
  52 skeletal warriors
  3 wretched stars (Abyss:4)
  10 pharaoh ants
  An anaconda zombie (Crypt:1)
  8 steelbarb worms
  Lodul (D:10)
  2 shadow wraiths
  A spectral anaconda (Lair:5)
  60 deep trolls
  5 orb spiders
  15 large abominations
  A bunyip zombie (Crypt:1)
  7 goliath frogs
  A shadow demon (D:9)
  2 storm dragon skeletons
  30 starcursed masses
  10 bog bodies
  A bunyip skeleton (Crypt:3)
  8 harpies
  17 lindwurms
  16 swamp dragons
  4 spriggan druids
  13 deep elf archers
  12 phantasmal warriors
  4 flayed ghosts
  14 wizards
  14 ironbound convokers
  32 deep elf pyromancers
  14 necromancers
  An anaconda skeleton (Crypt:2)
  16 wolf spiders
  An orange crystal statue (Gauntlet)
  9 orc knights
  3 broodmother zombies
  26 deep elf zephyrmancers
  4 worldbinders
  40 ugly things
  2 golden dragon skeletons (Crypt:3)
  A goliath frog zombie (Crypt:1)
  An iron dragon zombie (Crypt:1)
  5 cyclopes
  A mana viper (shapeshifter) (Depths:4)
  6 orc sorcerers
  A stone giant skeleton (Crypt:3)
  3 will-o-the-wisps
  3 manticores (D:13)
  28 moths of wrath
  Maurice (D:8)
  A centaur zombie (Crypt:1)
  6 elephants (Lair:5)
  A stone giant zombie (Vaults:4)
  A guardian serpent (Depths:4)
  A dire elephant zombie (Hell)
  2 black mambas
  9 rust devils (Depths:1)
  An apocalypse crab (Abyss:4)
  21 vault sentinels
  5 cane toads
  2 iron dragon skeletons (Crypt:3)
  4 torpor snails
  7 smoke demons
  A gargoyle (D:13)
  A torpor snail (shapeshifter) (Depths:2)
  2 orange demons (Hell)
  6 komodo dragons
  3 spectral redbacks (Spider:4)
  An unseen horror (D:11)
  A hellion (Abyss:4)
  32 yaktaurs
  5 rime drakes
  An efreet (Abyss:4)
  An alligator snapping turtle skeleton (Crypt:3)
  20 demonic crawlers
  2 kobold demonologists (D:12)
  4 freezing wraiths
  4 hellwings
  A pale draconian skeleton (Crypt:3)
  18 ice devils
  2 anaconda simulacra
  2 redback zombies (Spider:4)
  3 tengu conjurers
  A catoblepas skeleton (Crypt:1)
  A queen bee (D:13)
  A dire elephant skeleton (Crypt:3)
  2 ancient zymes (Abyss:4)
  A red devil (Depths:1)
  3 harpy zombies
  4 polar bears
  A spectral culicivora (Spider:4)
  4 trolls
  2 bloated husks
  9 meliai
  4 spectral jumping spiders (Spider:4)
  3 harpy skeletons
  11 hornets
  A spectral tarantella (Spider:4)
  6 tyrant leeches
  3 raiju
  2 blink frogs (shapeshifter)
  2 spectral elephants (Lair:5)
  40 tarantellas
  4 dream sheep (Lair:5)
  A culicivora zombie (Spider:4)
  A jumping spider zombie (Spider:4)
  An ettin zombie (Vaults:4)
  2 slime creatures (Gauntlet)
  A great orb of eyes zombie (Crypt:3)
  8 blink frogs
  3 vampires
  5 ynoxinuls
  7 air elementals
  30 jumping spiders
  19 culicivoras
  2 ettin skeletons
  A culicivora (shapeshifter) (D:13)
  5 fire dragon skeletons
  10 flying skulls
  A deep troll skeleton (Vaults:4)
  5 dire elephant simulacra
  10 spriggans
  34 yaks
  2 wyverns
  3 neqoxecs
  12 water elementals
  6 hogs (D:12)
  13 humans (D:13)
  5 fire elementals
  A hog (shapeshifter) (D:15)
  Eustachio (D:5)
  8 wraiths
  3 basilisks
  A tyrant leech zombie (Crypt:2)
  A chaos spawn (Depths:2)
  12 vampire mosquitoes
  60 redbacks
  Menkaure (D:5)
  3 death yak simulacra
  A glowing shapeshifter zombie (Vaults:4)
  Grum (D:11)
  2 spectral cane toads (Lair:5)
  3 harpy simulacra (IceCv)
  Edmund (D:6)
  A naga zombie (Crypt:1)
  25 swamp worms
  5 hell hounds
  6 wargs
  A merfolk skeleton (Crypt:3)
  A fire bat skeleton (Crypt:2)
  8 water moccasins
  2 hydra simulacra (IceCv)
  4 small abominations
  13 swamp drakes
  44 orc warriors
  An ice beast (D:6)
  An ettin simulacrum (Abyss:4)
  A swamp dragon zombie (Crypt:1)
  2 black bears
  13 ogres
  A sky beast (D:6)
  10 wolves
  8 centaurs
  An elephant zombie (Crypt:2)
  A phantom (D:7)
  A rime drake zombie (Crypt:2)
  10 kobold brigands
  A salamander zombie (Crypt:2)
  8 necrophages
  11 bullfrogs
  6 earth elementals
  2 two-headed ogre simulacra (IceCv)
  2 gnoll sergeants
  4 scorpions
  6 cane toad simulacra (IceCv)
  A water moccasin zombie (Crypt:2)
  13 wights
  A troll zombie (Crypt:2)
  31 killer bees
  7 elephant simulacra
  An electric eel (Lair:4)
  2 howler monkeys (D:10)
  10 orc priests
  3 gnoll boudas
  3 hounds
  A jelly (D:5)
  Natasha (twice) (D:1)
  2 iguanas
  19 orc wizards
  2 wolf simulacra (IceCv)
  4 polar bear simulacra (IceCv)
  An acid dragon zombie (Crypt:3)
  3 hound zombies (Ossuary)
  4 mummies (Ossuary)
  19 gnolls
  A naga simulacrum (IceCv)
  6 adders
  4 river rats (Sewer)
  3 white imps (IceCv)
  3 ufetubi
  2 adder zombies (Ossuary)
  4 worms
  A dart slug (D:1)
  58 orcs
  7 bats
  A bat zombie (Crypt:2)
  8 endoplasms
  5 giant cockroaches
  A hobgoblin (D:2)
  8 jackals
  10 quokkas
  7 ball pythons
  4 frilled lizards
  6 goblins
  2 goblin zombies (Ossuary)
  2 hobgoblin zombies (Ossuary)
  A jackal zombie (Ossuary)
  25 kobolds
  A kobold skeleton (Crypt:2)
  7 rats
  2 rat zombies (Ossuary)
  2 starspawn tentacles (Abyss:4)
2400 creatures vanquished.

Vanquished Creatures (collateral kills)
  A Tzitzimitl (Zot:5)
  A deep elf annihilator (Elf:3)
  A pharaoh ant (Spider:1)
  An orb spider (Spider:2)
  A deep troll (Vaults:5)
  3 jumping spiders (Spider:2)
  A culicivora (Spider:2)
9 creatures vanquished.

Vanquished Creatures (others)
  A fire giant (Depths:4)
  A broodmother (Spider:4)
  A stone giant (Depths:2)
  A vampire knight (Depths:2)
  10 great orbs of eyes
  A jiangshi (Crypt:2)
  A deep troll earth mage (Depths:2)
  A tengu warrior (D:15)
  A glowing orange brain (Vaults:2)
  A spriggan berserker (Depths:2)
  A storm dragon skeleton (Crypt:3)
  2 deep trolls (Depths:2)
  A goliath frog (Swamp:1)
  2 deep elf zephyrmancers (Elf:1)
  An ironbound convoker (Vaults:5)
  A deep elf pyromancer (Elf:1)
  2 wizards
  An ugly thing (Vaults:4)
  A will-o-the-wisp (Swamp:1)
  A wolf spider (Spider:1)
  3 cyclopes
  A guardian serpent (shapeshifter) (Depths:4)
  A tengu conjurer (D:15)
  An ancient zyme (Abyss:4)
  4 bloated husks
  A hornet (Swamp:1)
  A troll (D:13)
  31 slime creatures
  A culicivora (Spider:4)
  A jumping spider (Spider:1)
  A spriggan (shapeshifter) (D:15)
  An air elemental (Elf:3)
  6 yaks (D:12)
  A basilisk (D:13)
  3 humans (D:13)
  A golden eye (Abyss:4)
  A redback (Vaults:5)
  A floating eye (Depths:4)
  A floating eye (shapeshifter) (Vaults:5)
  7 centaurs
  2 killer bees (D:8)
  236 jellies
  An orc (Orc:2)
  An orc zombie (Crypt:1)
  A quokka zombie (Crypt:1)
  20 foxfires
  14 fungi
  A lurking horror (Elf:1)
  41 plants
  8 starspawn tentacles
  29 withered plants (Lair:5)
454 creatures vanquished.

Grand Total: 2863 creatures vanquished

Notes
Turn   | Place    | Note
-------+----------+-------------------------------------------
     0 | D:1      | freelancePsychic the Troll Hexslinger began the quest for
                  | the Orb.
     0 | D:1      | Reached XP level 1. HP: 18/18 MP: 1/1
     4 | D:1      | Found Meusetur's Magic Scroll Emporium.
    49 | D:1      | Reached skill level 1 in Fighting
    55 | D:1      | Reached skill level 1 in Unarmed Combat
   107 | D:1      | Reached XP level 2. HP: 27/27 MP: 2/2
   466 | D:1      | Bought a scroll of identify for 24 gold pieces
   488 | D:2      | Reached skill level 2 in Unarmed Combat
   569 | D:2      | Reached XP level 3. HP: 30/33 MP: 3/3
   805 | D:2      | Noticed Natasha
   820 | D:1      | Killed Natasha
   821 | D:1      | Reached skill level 3 in Unarmed Combat
   821 | D:1      | Reached XP level 4. HP: 32/42 MP: 4/4
   823 | D:1      | Noticed Natasha
   836 | D:1      | Killed Natasha
  1113 | D:3      | Reached XP level 5. HP: 45/49 MP: 5/5
  1137 | D:3      | Reached skill level 4 in Unarmed Combat
  1176 | D:3      | Found a radiant altar of Vehumet.
  1176 | D:3      | Noticed a charred statue
  1208 | D:3      | Found a glowing drain.
  1233 | Sewer    | Entered a sewer
  1358 | Sewer    | Reached XP level 6. HP: 26/59 MP: 6/6
  1360 | Sewer    | Reached skill level 5 in Unarmed Combat
  1409 | Sewer    | Found a white marble altar of Elyvilon.
  1476 | Sewer    | Became a worshipper of Elyvilon the Healer
  1695 | D:1      | Bought a scroll of teleportation for 36 gold pieces
  1695 | D:1      | Bought a scroll of identify for 24 gold pieces
  1695 | D:1      | Bought a scroll of identify for 24 gold pieces
  2268 | D:4      | Reached * piety under Elyvilon
  2316 | D:4      | Reached skill level 1 in Invocations
  2372 | D:4      | Reached XP level 7. HP: 67/67 MP: 7/7
  2562 | D:4      | Reached ** piety under Elyvilon
  2568 | D:4      | Reached skill level 6 in Unarmed Combat
  2839 | D:4      | Found a shimmering blue altar of Sif Muna.
  3015 | D:5      | Entered Level 5 of the Dungeon
  3061 | D:5      | Found a hide-covered altar of Uskayaw.
  3133 | D:5      | Reached *** piety under Elyvilon
  3369 | D:5      | Found an opulent altar of Gozag.
  3528 | D:5      | Noticed Menkaure
  3533 | D:5      | Killed Menkaure
  3910 | D:5      | Noticed Eustachio
  3919 | D:5      | Killed Eustachio
  3920 | D:5      | Reached skill level 7 in Unarmed Combat
  3920 | D:5      | Reached XP level 8. HP: 69/78 MP: 7/9
  4232 | D:6      | Noticed Edmund
  4240 | D:6      | Killed Edmund
  4565 | D:6      | Reached **** piety under Elyvilon
  4566 | D:6      | Found a staircase to the Ecumenical Temple.
  4575 | Temple   | Entered the Ecumenical Temple
  4997 | D:6      | Reached skill level 8 in Unarmed Combat
  5190 | D:6      | Reached skill level 5 in Fighting
  5221 | D:6      | Reached XP level 9. HP: 62/88 MP: 11/11
  5300 | D:7      | Found a sand-covered staircase.
  5313 | D:7      | Reached skill level 9 in Unarmed Combat
  5326 | Ossuary  | Entered an ossuary
  5558 | D:7      | Found a snail-covered altar of Cheibriados.
  5609 | D:7      | Reached ***** piety under Elyvilon
  5974 | D:8      | Noticed Maurice
  5987 | D:8      | Killed Maurice
  5988 | D:8      | Reached skill level 5 in Invocations
  6188 | D:8      | Reached skill level 10 in Unarmed Combat
  6209 | D:8      | Noticed Gastronok
  6227 | D:8      | Killed Gastronok
  6228 | D:8      | Reached XP level 10. HP: 91/100 MP: 13/13
  6366 | D:8      | Reached skill level 11 in Unarmed Combat
  6891 | D:9      | Found Ucumol's Weapon Shop.
  6970 | D:9      | Found Zin's Purification Station.
  6970 | D:9      | Found a glowing silver altar of Zin.
  7222 | D:9      | Found a staircase to the Lair.
  7592 | D:9      | Noticed a manticore
  7592 | D:9      | Noticed bmack86's ghost (novice MiFi)
  7677 | D:9      | Found a runed translucent gate.
  7677 | D:9      | Found a runed translucent gate.
  7683 | D:9      | Found a runed translucent gate.
  7696 | D:9      | Found a shimmering altar of Xom.
  7903 | D:9      | Found a burning altar of Makhleb.
  7988 | D:10     | Entered Level 10 of the Dungeon
  8025 | Lair:1   | Entered Level 1 of the Lair of Beasts
  8050 | Lair:1   | Noticed a cane toad
  8054 | Lair:1   | Pacified a cane toad
  8088 | Lair:1   | Noticed a cane toad
  8092 | Lair:1   | Pacified a cane toad
  8115 | Lair:1   | Found the +3 pair of gauntlets of War {Slay+5}
  8246 | Lair:1   | Noticed a cane toad
  8248 | Lair:1   | Pacified a cane toad
  8249 | Lair:1   | Reached XP level 11. HP: 109/109 MP: 12/15
  8815 | Lair:1   | Reached ****** piety under Elyvilon
  9416 | Lair:2   | Identified the ring "Ulimmeto" {*Slow rF+ rC+ rN+ Dex+8}
  9837 | Lair:2   | Noticed a seven-headed hydra
  9839 | Lair:2   | Pacified a seven-headed hydra
  9840 | Lair:2   | Reached skill level 5 in Dodging
  9994 | Lair:3   | Found a hole to the Spider Nest.
 10395 | Lair:3   | Found a staircase to the Swamp.
 10467 | Lair:3   | Identified the ring of Soeros {Ice rN+ Stlth+}
 10802 | Lair:4   | Found a gate leading to a gauntlet.
 10808 | Gauntlet | Entered a Gauntlet
 10808 | Gauntlet | Found a transporter.
 10808 | Gauntlet | Found a transporter.
 10816 | Gauntlet | Found a transporter.
 10821 | Gauntlet | Found a transporter.
 10828 | Gauntlet | Found a transporter.
 10832 | Gauntlet | Found a transporter.
 10836 | Gauntlet | Found a runed translucent door.
 10836 | Gauntlet | Found a runed translucent door.
 10840 | Gauntlet | Found a transporter.
 10840 | Gauntlet | Noticed an orange crystal statue
 10855 | Gauntlet | Noticed a fire crab
 10857 | Gauntlet | Found a transporter.
 10872 | Gauntlet | Found a transporter.
 10876 | Gauntlet | Found a transporter.
 10884 | Gauntlet | Found a transporter.
 10888 | Gauntlet | Found a transporter.
 11004 | Gauntlet | Killed an orange crystal statue
 11025 | Gauntlet | Identified the +0 shortbow of Evil {flame, rElec}
 11025 | Gauntlet | Identified the ring "Itoalogg" {Fly rN+ Int+2}
 11025 | Gauntlet | Noticed a minotaur
 11042 | Gauntlet | Killed a minotaur
 11051 | Gauntlet | Got the Omnibus of Outbursts and the Zephyr
 11098 | Lair:4   | Reached skill level 12 in Unarmed Combat
 11099 | Lair:4   | Noticed a lindwurm
 11113 | Lair:4   | Killed a lindwurm
 11114 | Lair:4   | Reached skill level 1 in Armour
 11132 | Lair:4   | Found a frozen archway.
 11142 | Lair:4   | Reached XP level 12. HP: 95/122 MP: 16/16
 11155 | IceCv    | Entered an ice cave
 11527 | IceCv    | Found an ancient bone altar of Kikubaaqudgha.
 11528 | IceCv    | Identified a scroll of acquirement
 11935 | Lair:4   | Reached skill level 13 in Unarmed Combat
 11941 | Lair:4   | Noticed a five-headed hydra
 11942 | Lair:4   | Pacified a five-headed hydra
 12165 | D:1      | Bought a scroll of enchant armour for 90 gold pieces
 12165 | D:1      | Bought a scroll of enchant armour for 90 gold pieces
 12165 | D:1      | Bought a scroll of enchant armour for 90 gold pieces
 12165 | D:1      | Bought a scroll of identify for 24 gold pieces
 12401 | Lair:4   | Found a transporter.
 12431 | Lair:4   | Reached skill level 10 in Fighting
 12519 | Lair:4   | Reached skill level 5 in Armour
 12703 | Lair:4   | Noticed experimilk's ghost (journeyman DrCj)
 12720 | Lair:4   | Found a transporter.
 13038 | Lair:5   | Entered Level 5 of the Lair of Beasts
 13062 | Lair:5   | Noticed Josephine
 13071 | Lair:5   | Killed Josephine
 13079 | Lair:5   | Reached XP level 13. HP: 133/133 MP: 17/17
 13279 | Lair:5   | Found a staircase to the Slime Pits.
 13279 | Lair:5   | Found a viscous altar of Jiyva.
 13353 | Lair:5   | Fell from the grace of Elyvilon
 13353 | Lair:5   | Became a worshipper of Jiyva Jiegoy the Shapeless
 13748 | D:10     | Found a broken altar of Ashenzari.
 13750 | D:10     | Found a glowing golden altar of the Shining One.
 13752 | D:10     | Found a hazy altar of Hepliaklqana.
 13775 | D:10     | Reached skill level 14 in Unarmed Combat
 13847 | D:10     | Reached * piety under Jiyva
 13919 | D:10     | Noticed Lodul
 13933 | D:10     | Killed Lodul
 14082 | D:10     | Identified the +8 trident of Tumult {speed, *Slow rPois rC+
                  | Str+7 Int+2}
 14206 | D:11     | Noticed Harold
 14237 | D:11     | Killed Harold
 14265 | D:11     | Noticed Sonja
 14273 | D:11     | Killed Sonja
 14420 | D:11     | Noticed Grum
 14426 | D:11     | Killed Grum
 14446 | D:11     | Noticed Fannar
 14460 | D:11     | Killed Fannar
 14489 | D:11     | Reached ** piety under Jiyva
 14549 | D:11     | Acquired 1036 gold pieces
 14551 | D:11     | Acquired the +2 hat "Citimuh" {Dex+3}
 14601 | D:11     | Found a staircase to the Orcish Mines.
 15255 | D:12     | Identified the amulet "Onnex" {RegenMP Regen+ Dex+4}
 15266 | D:12     | Reached *** piety under Jiyva
 15287 | D:12     | Gained mutation: Your flesh is heat resistant. (rF+)
                  | [Jiyva's grace]
 15287 | D:12     | Gained mutation: Your flesh is very heat resistant. (rF++)
                  | [Jiyva's grace]
 15287 | D:12     | Gained mutation: Your flesh is almost immune to the effects
                  | of heat. (rF+++) [Jiyva's grace]
 15287 | D:12     | Gained mutation: You have a small jelly attached to you
                  | that senses nearby items. [Jiyva's grace]
 15335 | D:12     | Noticed Kirke
 15349 | D:12     | Reached XP level 14. HP: 146/146 MP: 18/18
 15371 | D:12     | Killed Kirke
 15838 | D:13     | Reached skill level 15 in Unarmed Combat
 16335 | D:13     | Noticed Urug
 16337 | D:13     | Found a gate to the Vaults.
 16337 | D:13     | Noticed Nessos
 16356 | D:13     | Killed Urug
 16414 | D:13     | Killed Nessos
 16416 | D:13     | Reached **** piety under Jiyva
 16863 | D:14     | Reached ***** piety under Jiyva
 16909 | D:14     | Found a blossoming altar of Fedhas.
 17030 | D:14     | You fall into a shaft and drop 1 floor!
 17030 | D:15     | Entered Level 15 of the Dungeon
 17030 | D:15     | Lost mutation: Your flesh is almost immune to the effects
                  | of heat. (rF+++) [Jiyva's grace]
 17030 | D:15     | Gained mutation: Your melee attacks may engulf your foes in
                  | ooze. [Jiyva's grace]
 17030 | D:15     | Gained mutation: You have a pair of small antennae on your
                  | head. [Jiyva's grace]
 17030 | D:15     | Gained mutation: You have a pair of antennae on your head.
                  | [Jiyva's grace]
 17030 | D:15     | Gained mutation: You have a pair of large antennae on your
                  | head. (SInv) [Jiyva's grace]
 17081 | D:15     | Found a flickering gateway to a bazaar.
 17095 | Bazaar   | Entered a bazaar
 17102 | Bazaar   | Found Tebeka's Armour Shop.
 17142 | Bazaar   | Found Agohylle's Weapon Boutique.
 17180 | Bazaar   | Found Xealiod's Weapon Shop.
 17365 | D:15     | Found a staircase to the Depths.
 17822 | Orc:1    | Entered Level 1 of the Orcish Mines
 18007 | Orc:2    | Entered Level 2 of the Orcish Mines
 18011 | Orc:2    | Found a staircase to the Elven Halls.
 18385 | Orc:2    | Reached skill level 16 in Unarmed Combat
 18389 | Orc:2    | Found Tueg's Weapon Shop.
 18389 | Orc:2    | Found Yxkiess's General Store.
 18396 | Orc:2    | Found Boiditen's Weapon Emporium.
 18398 | Orc:2    | Found Letarhuse's Jewellery Boutique.
 18406 | Orc:2    | Bought a potion of curing for 42 gold pieces
 18540 | Orc:2    | Lost mutation: You have a pair of large antennae on your
                  | head. (SInv) [Jiyva's grace]
 18540 | Orc:2    | Lost mutation: You have a pair of antennae on your head.
                  | [Jiyva's grace]
 18540 | Orc:2    | Gained mutation: You have large cloven feet. [Jiyva's
                  | grace]
 18540 | Orc:2    | Gained mutation: You have hoof-like feet. [Jiyva's grace]
 18540 | Orc:2    | Gained mutation: You have hooves in place of feet. [Jiyva's
                  | grace]
 18540 | Orc:2    | Gained mutation: Your body has grown eyes which may confuse
                  | attackers. (Acc +3) [Jiyva's grace]
 18744 | Orc:1    | Reached ****** piety under Jiyva
 18841 | Orc:1    | Reached XP level 15. HP: 158/158 MP: 19/19
 19233 | Slime:1  | Entered Level 1 of the Pits of Slime
 19233 | Slime:1  | Noticed an azure jelly
 19233 | Slime:1  | Noticed an acid blob
 19233 | Slime:1  | Noticed an acid blob
 19233 | Slime:1  | Noticed an acid blob
 19233 | Slime:1  | Noticed an acid blob
 19240 | Slime:2  | Noticed a rockslime
 19258 | Slime:3  | Noticed an azure jelly
 19261 | Slime:4  | Noticed an azure jelly
 19278 | Slime:5  | Entered Level 5 of the Pits of Slime
 19278 | Slime:5  | Noticed an acid blob
 19278 | Slime:5  | Noticed a rockslime
 19318 | Slime:5  | Found a viscous altar of Jiyva.
 19319 | Slime:5  | Noticed an acid blob
 19319 | Slime:5  | Noticed an acid blob
 19319 | Slime:5  | Noticed a rockslime
 19319 | Slime:5  | Noticed an acid blob
 19320 | Slime:5  | Noticed the Royal Jelly
 19320 | Slime:5  | Found the +8 orange crystal plate armour {Archmagi, Int+3
                  | Clar}
 19321 | Slime:5  | Noticed an acid blob
 19325 | Slime:5  | Got a slimy rune of Zot
 19328 | Slime:5  | Noticed an acid blob
 19339 | Slime:5  | Got the Secrets of Sepulchral Orientation
 19339 | Slime:5  | Noticed an azure jelly
 19349 | Slime:5  | Identified the +6 scimitar of Xogopeh {flame, Will+}
 19359 | Slime:5  | Identified the +8 broad axe of the Endless Expanse {flame,
                  | rC+ Str+3 SInv}
 19370 | Slime:5  | Identified the +4 scale mail of Kuytaulo {+Blink rN++
                  | Regen+ Dex-4}
 19390 | Slime:5  | Noticed an acid blob
 19413 | Slime:5  | Noticed an acid blob
 19432 | Slime:5  | Noticed an acid blob
 19572 | Slime:5  | Noticed an acid blob
 19578 | Slime:5  | Noticed an acid blob
 20336 | Lair:5   | Reached skill level 10 in Dodging
 20766 | Orc:2    | Bought a ring of poison resistance for 300 gold pieces
 20969 | Swamp:1  | Entered Level 1 of the Swamp
 21011 | Spider:1 | Entered Level 1 of the Spider Nest
 21101 | Spider:1 | Noticed Asterion
 21120 | Spider:1 | Killed Asterion
 21121 | Spider:1 | Reached skill level 1 in Shields
 21227 | Spider:1 | Noticed an emperor scorpion
 21241 | Spider:1 | Killed an emperor scorpion
 21767 | Spider:1 | Reached skill level 17 in Unarmed Combat
 21870 | Spider:1 | Reached skill level 5 in Shields
 22095 | Spider:2 | Noticed an emperor scorpion
 22110 | Spider:2 | Killed an emperor scorpion
 22119 | Spider:2 | Noticed an emperor scorpion
 22130 | Spider:2 | Killed an emperor scorpion
 22142 | Spider:2 | Reached XP level 16. HP: 54/171 MP: 20/20
 22288 | Spider:2 | Lost mutation: You have a pair of small antennae on your
                  | head. [Jiyva's grace]
 22288 | Spider:2 | Lost mutation: Your flesh is very heat resistant. (rF++)
                  | [Jiyva's grace]
 22288 | Spider:2 | Lost mutation: You have a small jelly attached to you that
                  | senses nearby items. [Jiyva's grace]
 22288 | Spider:2 | Gained mutation: Your mind is acute. (Int +4, Str/Dex -1)
                  | [Jiyva's grace]
 22288 | Spider:2 | Gained mutation: Your mind is very acute. (Int +8, Str/Dex
                  | -2) [Jiyva's grace]
 22288 | Spider:2 | Gained mutation: Your translucent skin slightly reduces
                  | your foes' accuracy. (Stealth+) [Jiyva's grace]
 22288 | Spider:2 | Gained mutation: Your translucent skin reduces your foes'
                  | accuracy. (Stealth+) [Jiyva's grace]
 23621 | Spider:4 | Entered Level 4 of the Spider Nest
 24076 | Swamp:1  | Found a runed translucent gate.
 24076 | Swamp:1  | Noticed a tentacled monstrosity
 24079 | Swamp:1  | Noticed a tentacled monstrosity
 24080 | Swamp:1  | Noticed a tentacled monstrosity
 24081 | Swamp:1  | Noticed Foxy's ghost (adept HuFi)
 24108 | Swamp:1  | Noticed a thorn hunter
 24196 | Swamp:1  | Found a runed translucent gate.
 24196 | Swamp:1  | Found a runed translucent gate.
 24388 | Swamp:2  | Noticed a thorn hunter
 24392 | Swamp:2  | Found a transporter.
 24395 | Swamp:2  | Noticed a thorn hunter
 24413 | Swamp:2  | Reached skill level 18 in Unarmed Combat
 24435 | Swamp:2  | Noticed a thorn hunter
 24445 | Swamp:2  | Killed a thorn hunter
 24576 | Swamp:2  | Found a transporter.
 24588 | Swamp:2  | Reached XP level 17. HP: 169/182 MP: 21/21
 24614 | Swamp:2  | Reached skill level 10 in Shields
 24676 | Swamp:2  | Lost mutation: Your body has grown eyes which may confuse
                  | attackers. (Acc +3) [Jiyva's grace]
 24676 | Swamp:2  | Gained mutation: You have a small jelly attached to you
                  | that senses nearby items. [Jiyva's grace]
 24676 | Swamp:2  | Gained mutation: You have hidden genetic potential.
                  | [Jiyva's grace]
 24676 | Swamp:2  | Gained mutation: You have great hidden genetic potential.
                  | [Jiyva's grace]
 24676 | Swamp:2  | Gained mutation: You are strong-willed. (Will+) [Jiyva's
                  | grace]
 25446 | Swamp:4  | Entered Level 4 of the Swamp
 25745 | Swamp:4  | Reached skill level 15 in Fighting
 25973 | Swamp:4  | Identified the +1 scale mail of Context {Dex+6}
 26433 | Swamp:4  | Got a decaying rune of Zot
 27003 | Spider:4 | Noticed Roxanne
 27022 | Spider:4 | Killed Roxanne
 27103 | Spider:4 | Reached skill level 19 in Unarmed Combat
 27151 | Spider:4 | Noticed Arachne
 27170 | Spider:4 | Killed Arachne
 27177 | Spider:4 | Reached XP level 18. HP: 153/193 MP: 22/22
 27318 | Spider:4 | Lost mutation: You have hooves in place of feet. [Jiyva's
                  | grace]
 27318 | Spider:4 | Lost mutation: Your mind is very acute. (Int +8, Str/Dex
                  | -2) [Jiyva's grace]
 27318 | Spider:4 | Gained mutation: You possess an exceptional clarity of
                  | mind. [Jiyva's grace]
 27318 | Spider:4 | Gained mutation: You are agile. (Dex +4, Str/Int -1)
                  | [Jiyva's grace]
 27318 | Spider:4 | Gained mutation: You are very agile. (Dex +8, Str/Int -2)
                  | [Jiyva's grace]
 27318 | Spider:4 | Gained mutation: You are highly strong-willed. (Will++)
                  | [Jiyva's grace]
 27327 | Spider:4 | Gained mutation: You are partially covered in iridescent
                  | scales. (AC +2) [hidden potential]
 27694 | Spider:4 | Noticed Aizul
 27706 | Spider:4 | Killed Aizul
 27787 | Spider:4 | Got a gossamer rune of Zot
 28151 | Elf:1    | Entered Level 1 of the Elven Halls
 28247 | Elf:1    | Got the Monograph on Formation
 28452 | Elf:1    | Paralysed by an air elemental for 1 turns
 28527 | Elf:1    | Found Poikh's Magic Scroll Emporium.
 28540 | Elf:1    | Found a one-way gate to the infinite horrors of the Abyss.
 28563 | Elf:1    | Bought a scroll of teleportation for 42 gold pieces
 28563 | Elf:1    | Bought a scroll of teleportation for 42 gold pieces
 28597 | Elf:1    | Found a corrupted altar of Lugonu.
 29061 | Elf:2    | Paralysed by an air elemental for 1 turns
 29068 | Elf:2    | Paralysed by an air elemental for 1 turns
 29075 | Elf:2    | Reached skill level 15 in Shields
 29097 | Elf:2    | Found Tabru's Distillery.
 29102 | Elf:2    | Bought 2 potions of curing for 108 gold pieces
 29102 | Elf:2    | Bought a potion of haste for 180 gold pieces
 29102 | Elf:2    | Bought a potion of haste for 180 gold pieces
 29133 | Elf:2    | Found a magical portal.
 29138 | WizLab   | Entered Alistair's Party Mansion
 29165 | WizLab   | Reached skill level 20 in Unarmed Combat
 29329 | WizLab   | Acquired the +5 tower shield of Disguise {Rampage rC+
                  | Slay+3}
 29339 | WizLab   | Got Upsymem's Spellbook of Remoulded Venin
 29385 | WizLab   | Got the Quarto of the Transformed Black Widow
 29539 | WizLab   | Noticed a golden dragon
 29671 | Elf:2    | Paralysed by an air elemental for 1 turns
 29676 | Elf:2    | Paralysed by an air elemental for 1 turns
 29679 | Elf:2    | Paralysed by an air elemental for 1 turns
 29683 | Elf:2    | Paralysed by an air elemental for 1 turns
 29687 | Elf:2    | Paralysed by an air elemental for 1 turns
 29695 | Elf:2    | Paralysed by an air elemental for 1 turns
 29700 | Elf:2    | Paralysed by an air elemental for 1 turns
 29703 | Elf:2    | Reached XP level 19. HP: 94/201 MP: 23/23
 29706 | Elf:2    | Paralysed by an air elemental for 1 turns
 29712 | Elf:2    | Paralysed by an air elemental for 1 turns
 29716 | Elf:2    | Paralysed by an air elemental for 1 turns
 29718 | Elf:2    | Found a runed translucent gate.
 29718 | Elf:2    | Found a runed translucent gate.
 29723 | Elf:2    | Paralysed by an air elemental for 1 turns
 29776 | Elf:2    | Found a runed translucent gate.
 29820 | Elf:2    | Found Ekystym's Armour Boutique.
 29821 | Elf:2    | Lost mutation: You have hoof-like feet. [Jiyva's grace]
 29821 | Elf:2    | Lost mutation: Your mind is acute. (Int +4, Str/Dex -1)
                  | [Jiyva's grace]
 29821 | Elf:2    | Lost mutation: You have great hidden genetic potential.
                  | [Jiyva's grace]
 29821 | Elf:2    | Gained mutation: Your rubbery body absorbs attacks. (AC +1,
                  | EV +1) [Jiyva's grace]
 29821 | Elf:2    | Gained mutation: Your pliable body absorbs attacks. (AC +2,
                  | EV +2) [Jiyva's grace]
 29821 | Elf:2    | Gained mutation: Your gelatinous body deflects attacks. (AC
                  | +3, EV +3) [Jiyva's grace]
 29821 | Elf:2    | Gained mutation: You heal very quickly. [Jiyva's grace]
 29941 | Elf:2    | Found Ysib's Distillery.
 29949 | Elf:2    | Bought a potion of might for 40 gold pieces
 29949 | Elf:2    | Bought a potion of curing for 30 gold pieces
 29949 | Elf:2    | Bought a potion of invisibility for 80 gold pieces
 29949 | Elf:2    | Bought a potion of might for 40 gold pieces
 29959 | Elf:2    | Found Joxeic's Armour Shoppe.
 29981 | Elf:2    | Gained mutation: Your spells are a little harder to cast,
                  | but a little more powerful. [hidden potential]
 29981 | Elf:2    | Lost mutation: You have hidden genetic potential. [hidden
                  | potential expressed]
 30403 | Elf:3    | Entered Level 3 of the Elven Halls
 30649 | Elf:3    | Noticed Zenata
 30674 | Elf:3    | Killed Zenata
 30676 | Elf:3    | Found Dadofeew's Magic Scroll Shop.
 30686 | Elf:3    | Bought a scroll of teleportation for 54 gold pieces
 30686 | Elf:3    | Bought a scroll of teleportation for 54 gold pieces
 30686 | Elf:3    | Bought a scroll of teleportation for 54 gold pieces
 30849 | Elf:3    | Noticed a Brimstone Fiend
 30892 | Elf:3    | Identified the amulet of Rilyison {RegenMP Harm Rampage
                  | Dex+3 Stlth-}
 30946 | Elf:3    | Noticed Mara
 30949 | Elf:3    | Noticed freelancePsychic's illusion
 30954 | Elf:3    | Killed Mara
 30956 | Elf:3    | Lost mutation: You possess an exceptional clarity of mind.
                  | [potion of mutation]
 30956 | Elf:3    | Lost mutation: You have a small jelly attached to you that
                  | senses nearby items. [potion of mutation]
 30956 | Elf:3    | Lost mutation: You are highly strong-willed. (Will++)
                  | [potion of mutation]
 30956 | Elf:3    | Lost mutation: You heal very quickly. [potion of mutation]
 30956 | Elf:3    | Gained mutation: You are dopey. (Int -2) [potion of
                  | mutation]
 30956 | Elf:3    | Gained mutation: You heal very quickly. [potion of
                  | mutation]
 31228 | Elf:3    | Identified the +7 arbalest "Doocoabu" {penet, Str+6 Dex+6
                  | Stlth-}
 31242 | Elf:3    | Identified the +5 dagger of Recklessness {vorpal, Str+3
                  | SInv}
 31304 | Elf:3    | Got Doiqof's Folio of Concussion
 31308 | Elf:3    | Identified the amulet of Egomania {Spirit Rampage rF+ rN+}
 31311 | Elf:3    | Identified the +9 shortbow "Hasmuiz" {speed, Will+}
 31614 | Vaults:1 | Entered Level 1 of the Vaults
 31892 | Vaults:1 | Lost mutation: You have large cloven feet. [Jiyva's grace]
 31892 | Vaults:1 | Lost mutation: You are partially covered in iridescent
                  | scales. (AC +2) [Jiyva's grace]
 31892 | Vaults:1 | Lost mutation: You are very agile. (Dex +8, Str/Int -2)
                  | [Jiyva's grace]
 31892 | Vaults:1 | Lost mutation: Your gelatinous body deflects attacks. (AC
                  | +3, EV +3) [Jiyva's grace]
 31892 | Vaults:1 | Lost mutation: Your pliable body absorbs attacks. (AC +2,
                  | EV +2) [Jiyva's grace]
 31892 | Vaults:1 | Lost mutation: Your rubbery body absorbs attacks. (AC +1,
                  | EV +1) [Jiyva's grace]
 31892 | Vaults:1 | Lost mutation: Your translucent skin reduces your foes'
                  | accuracy. (Stealth+) [Jiyva's grace]
 31892 | Vaults:1 | Lost mutation: Your melee attacks may engulf your foes in
                  | ooze. [Jiyva's grace]
 31892 | Vaults:1 | Gained mutation: You have a pair of small antennae on your
                  | head. [Jiyva's grace]
 31892 | Vaults:1 | Gained mutation: You have a pair of antennae on your head.
                  | [Jiyva's grace]
 31892 | Vaults:1 | Gained mutation: You have a pair of large antennae on your
                  | head. (SInv) [Jiyva's grace]
 31892 | Vaults:1 | Gained mutation: Your flesh is cold resistant. (rC+)
                  | [Jiyva's grace]
 32578 | Vaults:2 | Reached XP level 20. HP: 213/213 MP: 24/24
 33444 | Vaults:2 | Found a staircase to the Crypt.
 33444 | Vaults:2 | Found a basalt altar of Yredelemnul.
 33445 | Vaults:2 | Found an ancient bone altar of Kikubaaqudgha.
 33602 | Vaults:3 | Lost mutation: You are dopey. (Int -2) [Jiyva's grace]
 33602 | Vaults:3 | Lost mutation: You are strong-willed. (Will+) [Jiyva's
                  | grace]
 33602 | Vaults:3 | Gained mutation: You have hidden genetic potential.
                  | [Jiyva's grace]
 33602 | Vaults:3 | Gained mutation: You have great hidden genetic potential.
                  | [Jiyva's grace]
 33602 | Vaults:3 | Gained mutation: You have large cloven feet. [Jiyva's
                  | grace]
 33602 | Vaults:3 | Gained mutation: You have hoof-like feet. [Jiyva's grace]
 34854 | Vaults:4 | Noticed Jory
 34872 | Vaults:4 | Killed Jory
 35116 | Vaults:4 | Reached XP level 21. HP: 226/226 MP: 25/25
 35598 | Vaults:4 | Gained mutation: You are partially covered in iridescent
                  | scales. (AC +2) [hidden potential]
 35822 | Vaults:4 | Lost mutation: You have a pair of large antennae on your
                  | head. (SInv) [Jiyva's grace]
 35822 | Vaults:4 | Lost mutation: You have hoof-like feet. [Jiyva's grace]
 35822 | Vaults:4 | Lost mutation: You are partially covered in iridescent
                  | scales. (AC +2) [Jiyva's grace]
 35822 | Vaults:4 | Gained mutation: You have acidic saliva. [Jiyva's grace]
 35822 | Vaults:4 | Gained mutation: You are covered in slimy tendrils that may
                  | disarm your opponents. [Jiyva's grace]
 35822 | Vaults:4 | Gained mutation: You have a somewhat thin skeletal
                  | structure. (Dex +2, Stealth+) [Jiyva's grace]
 35822 | Vaults:4 | Gained mutation: You have a moderately thin skeletal
                  | structure. (Dex +4, Stealth++) [Jiyva's grace]
 36119 | Crypt:1  | Entered Level 1 of the Crypt
 36883 | Crypt:1  | Noticed Sojobo
 36903 | Crypt:1  | Killed Sojobo
 37327 | Crypt:2  | Got the Incunable of the Iceberg and Mortification
 37649 | Crypt:2  | Reached skill level 10 in Armour
 37894 | Crypt:2  | Reached XP level 22. HP: 227/239 MP: 26/26
 38084 | Crypt:3  | Entered Level 3 of the Crypt
 38084 | Crypt:3  | Found a staircase to the Tomb.
 38084 | Crypt:3  | Lost mutation: You have a pair of antennae on your head.
                  | [Jiyva's grace]
 38084 | Crypt:3  | Lost mutation: You have large cloven feet. [Jiyva's grace]
 38084 | Crypt:3  | Lost mutation: You have a moderately thin skeletal
                  | structure. (Dex +4, Stealth++) [Jiyva's grace]
 38084 | Crypt:3  | Lost mutation: You are agile. (Dex +4, Str/Int -1) [Jiyva's
                  | grace]
 38084 | Crypt:3  | Lost mutation: Your flesh is heat resistant. (rF+) [Jiyva's
                  | grace]
 38084 | Crypt:3  | Lost mutation: Your spells are a little harder to cast, but
                  | a little more powerful. [Jiyva's grace]
 38084 | Crypt:3  | Lost mutation: You have great hidden genetic potential.
                  | [Jiyva's grace]
 38084 | Crypt:3  | Gained mutation: You have supernaturally acute eyesight.
                  | (SInv) [Jiyva's grace]
 38084 | Crypt:3  | Gained mutation: Your melee attacks may engulf your foes in
                  | ooze. [Jiyva's grace]
 38084 | Crypt:3  | Gained mutation: You are partially covered in iridescent
                  | scales. (AC +2) [Jiyva's grace]
 38084 | Crypt:3  | Gained mutation: You are mostly covered in iridescent
                  | scales. (AC +4) [Jiyva's grace]
 38470 | Crypt:3  | Gained mutation: You are agile. (Dex +4, Str/Int -1)
                  | [hidden potential]
 38470 | Crypt:3  | Lost mutation: You have hidden genetic potential. [hidden
                  | potential expressed]
 38857 | Crypt:3  | Identified the +7 quarterstaff of the Hurtling Asp {vamp,
                  | rN+ rCorr Dex+2}
 38869 | Crypt:3  | Found a basalt altar of Yredelemnul.
 39121 | Crypt:3  | Identified the ring "Culleoq" {rPois rN+ Will++}
 39221 | Crypt:3  | Noticed a dread lich
 39238 | Crypt:3  | Killed a dread lich
 39255 | Crypt:3  | Identified the ring of Fonitif {rF+ rN+ Int+5}
 39654 | Depths:1 | Entered Level 1 of the Depths
 39654 | Depths:1 | Noticed Nikola
 39660 | Depths:1 | Killed Nikola
 39790 | Depths:1 | Found a gateway to Hell.
 40255 | Depths:1 | Found Utziuch's Antique Weapon Shop.
 40478 | Depths:2 | Lost mutation: You have supernaturally acute eyesight.
                  | (SInv) [Jiyva's grace]
 40478 | Depths:2 | Lost mutation: You heal very quickly. [Jiyva's grace]
 40478 | Depths:2 | Gained mutation: You heal very quickly. [Jiyva's grace]
 40478 | Depths:2 | Gained mutation: You regenerate. [Jiyva's grace]
 40478 | Depths:2 | Gained mutation: You expend magic power (3 MP) to
                  | strengthen your wands. [Jiyva's grace]
 40478 | Depths:2 | Gained mutation: You possess an exceptional clarity of
                  | mind. [Jiyva's grace]
 40550 | Depths:2 | Found the +2 shield of Resistance {rF++ rC++ Will++}
 41228 | Hell     | Entered the Vestibule of Hell
 41228 | Hell     | Noticed Geryon
 41244 | Depths:1 | Reached XP level 23. HP: 216/252 MP: 27/27
 41436 | Depths:1 | Gained mutation: Your muscles are strong. (Str +4, Int/Dex
                  | -1) [a cacodemon]
 42240 | Depths:2 | Found a one-way gateway to a ziggurat.
 42467 | Depths:2 | Identified the +10 morningstar "Teg Wewk" {venom, rElec
                  | rPois rC-}
 42535 | Depths:2 | Found a one-way gate leading to the halls of Pandemonium.
 42646 | Depths:3 | Found an ancient bone altar of Kikubaaqudgha.
 42677 | Depths:3 | Noticed Vv
 42704 | Depths:3 | Killed Vv
 42756 | Depths:3 | Found the macabre finger necklace {rN+}
 43161 | Depths:3 | Noticed Louise
 43165 | Depths:3 | Lost mutation: You regenerate. [Jiyva's grace]
 43165 | Depths:3 | Lost mutation: You are covered in slimy tendrils that may
                  | disarm your opponents. [Jiyva's grace]
 43165 | Depths:3 | Gained mutation: You have hidden genetic potential.
                  | [Jiyva's grace]
 43165 | Depths:3 | Gained mutation: You have great hidden genetic potential.
                  | [Jiyva's grace]
 43165 | Depths:3 | Gained mutation: You have a small jelly attached to you
                  | that may absorb projectiles. [Jiyva's grace]
 43165 | Depths:3 | Gained mutation: You are robust. (+10% HP) [Jiyva's grace]
 43176 | Depths:3 | Killed Louise
 43485 | Depths:4 | Entered Level 4 of the Depths
 43805 | Depths:4 | Found a broken altar of Ashenzari.
 43858 | Depths:4 | Found a gate to the Realm of Zot.
 43988 | Depths:4 | Found Poratuin's Armour Emporium.
 43996 | Depths:4 | Bought the -2 hat of the Alchemist {rElec rPois rF+ rC+ rN+
                  | Will+ rMut rCorr} for 944 gold pieces
 43996 | Depths:4 | Found the -2 hat of the Alchemist {rElec rPois rF+ rC+ rN+
                  | Will+ rMut rCorr}
 44938 | Vaults:5 | Entered Level 5 of the Vaults
 44993 | Vaults:5 | Noticed a dread lich
 45000 | Vaults:5 | Paralysed by something for 4 turns
 45010 | Vaults:5 | Killed a dread lich
 45157 | Vaults:5 | Got a silver rune of Zot
 45164 | Vaults:5 | Identified the +12 rapier of Dust {freeze, Str+4 Dex+3}
 45264 | Vaults:5 | Reached XP level 24. HP: 291/291 MP: 27/27
 45282 | Vaults:5 | Reached skill level 21 in Unarmed Combat
 45292 | Vaults:5 | Reached skill level 15 in Dodging
 45340 | Vaults:5 | Noticed a dread lich
 45359 | Vaults:5 | Killed a dread lich
 45393 | Vaults:5 | Noticed an ancient lich
 45403 | Vaults:5 | Identified the +7 rapier of Terra Cotta {drain, Drain
                  | Fragile rC+++ Int+8}
 45415 | Vaults:5 | Killed an ancient lich
 45440 | Vaults:5 | Noticed Saint Roka
 45458 | Vaults:5 | Killed Saint Roka
 45578 | Vaults:5 | Gained mutation: Your flesh is heat resistant. (rF+)
                  | [hidden potential]
 45824 | Vaults:5 | Lost mutation: You have a pair of small antennae on your
                  | head. [Jiyva's grace]
 45824 | Vaults:5 | Lost mutation: Your flesh is cold resistant. (rC+) [Jiyva's
                  | grace]
 45824 | Vaults:5 | Lost mutation: Your flesh is heat resistant. (rF+) [Jiyva's
                  | grace]
 45824 | Vaults:5 | Lost mutation: You heal very quickly. [Jiyva's grace]
 45824 | Vaults:5 | Lost mutation: You are robust. (+10% HP) [Jiyva's grace]
 45824 | Vaults:5 | Lost mutation: Your translucent skin slightly reduces your
                  | foes' accuracy. (Stealth+) [Jiyva's grace]
 45824 | Vaults:5 | Lost mutation: You have great hidden genetic potential.
                  | [Jiyva's grace]
 45824 | Vaults:5 | Lost mutation: Your melee attacks may engulf your foes in
                  | ooze. [Jiyva's grace]
 45824 | Vaults:5 | Gained mutation: Your mind is acute. (Int +4, Str/Dex -1)
                  | [Jiyva's grace]
 45824 | Vaults:5 | Gained mutation: Your mind is very acute. (Int +8, Str/Dex
                  | -2) [Jiyva's grace]
 45824 | Vaults:5 | Gained mutation: Your flesh is cold resistant. (rC+)
                  | [Jiyva's grace]
 45824 | Vaults:5 | Gained mutation: Your flesh is very cold resistant. (rC++)
                  | [Jiyva's grace]
 46123 | Vaults:5 | Identified the +1 leather armour of Bellicose Knowledge
                  | {Dex+3}
 46610 | Zot:1    | Entered Level 1 of the Realm of Zot
 46730 | Depths:4 | Voluntarily entered the Abyss.
 47138 | Depths:4 | Escaped the Abyss
 47175 | Depths:4 | Voluntarily entered the Abyss.
 47189 | Abyss:4  | Found a corrupted altar of Lugonu.
 47309 | Abyss:4  | Reached skill level 22 in Unarmed Combat
 47357 | Abyss:4  | Lost mutation: Your mind is very acute. (Int +8, Str/Dex
                  | -2) [Jiyva's grace]
 47357 | Abyss:4  | Lost mutation: You have a small jelly attached to you that
                  | may absorb projectiles. [Jiyva's grace]
 47357 | Abyss:4  | Gained mutation: Your mind is very acute. (Int +8, Str/Dex
                  | -2) [Jiyva's grace]
 47357 | Abyss:4  | Gained mutation: You are covered in slimy tendrils that may
                  | disarm your opponents. [Jiyva's grace]
 47357 | Abyss:4  | Gained mutation: Your body has grown eyes which may confuse
                  | attackers. (Acc +3) [Jiyva's grace]
 47357 | Abyss:4  | Gained mutation: Your body has grown many eyes which may
                  | confuse attackers. (Acc +5) [Jiyva's grace]
 47470 | Depths:4 | Escaped the Abyss
 47487 | Depths:4 | Voluntarily entered the Abyss.
 47492 | Abyss:4  | Got an abyssal rune of Zot
 47499 | Abyss:4  | Paralysed by accursed screaming for 2 turns
 47514 | Depths:4 | Escaped the Abyss
 47688 | Zot:1    | Got A Thorough Guide to Sorcery
 47763 | Zot:1    | Reached XP level 25. HP: 237/273 MP: 27/27
 47956 | Zot:1    | Identified the +3 flail "Ydamnu" {freeze, rElec rN+}
 48717 | Zot:2    | Got the Directory of the Stony Escort
 49154 | Zot:3    | You fall into a shaft and drop 1 floor!
 49161 | Zot:4    | Lost mutation: You are mostly covered in iridescent scales.
                  | (AC +4) [Jiyva's grace]
 49161 | Zot:4    | Lost mutation: You have a somewhat thin skeletal structure.
                  | (Dex +2, Stealth+) [Jiyva's grace]
 49161 | Zot:4    | Lost mutation: Your flesh is very cold resistant. (rC++)
                  | [Jiyva's grace]
 49161 | Zot:4    | Lost mutation: Your body has grown many eyes which may
                  | confuse attackers. (Acc +5) [Jiyva's grace]
 49161 | Zot:4    | Lost mutation: You are covered in slimy tendrils that may
                  | disarm your opponents. [Jiyva's grace]
 49161 | Zot:4    | Gained mutation: You have great hidden genetic potential.
                  | [Jiyva's grace]
 49161 | Zot:4    | Gained mutation: Your flesh is heat resistant. (rF+)
                  | [Jiyva's grace]
 49161 | Zot:4    | Gained mutation: Your flesh is very heat resistant. (rF++)
                  | [Jiyva's grace]
 49161 | Zot:4    | Gained mutation: Your flesh is almost immune to the effects
                  | of heat. (rF+++) [Jiyva's grace]
 49484 | Zot:3    | Gained mutation: You have a pair of small horns on your
                  | head. [hidden potential]
 49484 | Zot:3    | Lost mutation: You have great hidden genetic potential.
                  | [hidden potential expressed]
 49622 | Zot:3    | Reached skill level 23 in Unarmed Combat
 50701 | Zot:4    | Reached XP level 26. HP: 283/283 MP: 27/27
 51358 | Zot:5    | Entered Level 5 of the Realm of Zot
 51362 | Zot:5    | Lost mutation: You are agile. (Dex +4, Str/Int -1) [Jiyva's
                  | grace]
 51362 | Zot:5    | Lost mutation: Your mind is very acute. (Int +8, Str/Dex
                  | -2) [Jiyva's grace]
 51362 | Zot:5    | Lost mutation: Your mind is acute. (Int +4, Str/Dex -1)
                  | [Jiyva's grace]
 51362 | Zot:5    | Lost mutation: Your flesh is almost immune to the effects
                  | of heat. (rF+++) [Jiyva's grace]
 51362 | Zot:5    | Lost mutation: Your body has grown eyes which may confuse
                  | attackers. (Acc +3) [Jiyva's grace]
 51362 | Zot:5    | Gained mutation: Your body has grown eyes which may confuse
                  | attackers. (Acc +3) [Jiyva's grace]
 51362 | Zot:5    | Gained mutation: Your body has grown many eyes which may
                  | confuse attackers. (Acc +5) [Jiyva's grace]
 51362 | Zot:5    | Gained mutation: Your body is covered in eyes which may
                  | confuse attackers. (Acc +7, SInv) [Jiyva's grace]
 51362 | Zot:5    | Gained mutation: Your translucent skin slightly reduces
                  | your foes' accuracy. (Stealth+) [Jiyva's grace]
 51425 | Zot:5    | Reached skill level 24 in Unarmed Combat
 51772 | Zot:5    | Noticed an orb of fire
 51773 | Zot:5    | Noticed an orb of fire
 51787 | Zot:5    | Killed an orb of fire
 51792 | Zot:5    | Killed an orb of fire
 51848 | Zot:5    | Reached skill level 25 in Unarmed Combat
 51974 | Zot:5    | Noticed an orb of fire
 51999 | Zot:5    | Killed an orb of fire
 52125 | Zot:5    | Noticed an orb of fire
 52136 | Zot:5    | Noticed an orb of fire
 52137 | Zot:5    | Killed an orb of fire
 52145 | Zot:5    | Killed an orb of fire
 52164 | Zot:5    | Reached skill level 26 in Unarmed Combat
 52211 | Zot:5    | Noticed an ancient lich
 52219 | Zot:5    | Killed an ancient lich
 52326 | Zot:5    | Got the Orb of Zot
 52567 | Depths:1 | Noticed Heycok the pandemonium lord
 52586 | Depths:1 | Killed Heycok the pandemonium lord
 52674 | D:12     | Noticed Qemnu the pandemonium lord
 52898 | D:$      | Escaped with the Orb!

Illustrated notes

Levels and vault maps discovered:
D:1:      minmay_arrival_up_and_down, layout_rooms, serial_shops, shop
D:2:      layout_rooms, uniq_natasha
D:3:      layout_basic, vehumet_statue, gup_sewer_entry_pipe,
          minmay_misc_feat_iff
D:4:      dreamdust_elfheim, layout_cave_pods, mainiacjoe_overflow_chevrons
D:5:      layout_basic, mainiacjoe_overflow_boulevard, grunt_gozag_breadcrumbs,
          uniq_eustachio, uniq_menkaure
D:6:      layout_basic, minmay_temple_entry_large_hall, uniq_edmund
D:7:      layout_basic, mainiacjoe_overflow_alcove_2, enter_ossuary_1,
          minmay_bent
D:8:      layout_basic, patterned_corridor, uniq_gastronok, uniq_maurice
D:9:      layout_irregular_city, zin_purify, mainiacjoe_overflow_alcove_1,
          lightli_temple_of_fire, erik_lair_orcish_takeover, serial_shops, shop,
          gammafunk_ghost_split
D:10:     layout_basic, gammafunk_temple_overflow_forgotten, uniq_lodul
D:11:     layout_roguey, orc_0_dummy, corner_web_ring,
          kennysheep_generic_room_6, uniq_sonja, uniq_grum, uniq_harold,
          uniq_fannar
D:12:     layout_loops_cross, uniq_kirke
D:13:     hellmonk_crumbling_castle, layout_small_grid, david_vaults_3,
          special_room [special_room_bee], kennysheep_four_rooms
D:14:     layout_cave_pools, tgw_fedhas
D:15:     hangedman_depths_entry_civil_slaughter, layout_small_grid,
          wad_floor_pattern_untrapped, serial_shops, bzr_entry_lakeside,
          minmay_protected_statue
Temple:   nicolae_temple_ecumenical_triangle
Lair:1:   layout_hall_layers, minivault_27, infiniplex_staircase_pool_2,
          grunt_megastairs_4
Lair:2:   layout_long_grid, lemuel_fruit_fields, serial_bayou_shore_b
Lair:3:   layout_chaotic_city, swamp_mist, spider_nest_entry_webs
Lair:4:   layout_regular_city, portal_ice_cave_rime,
          gammafunk_ghost_berserking_beasts, gauntlet_entry_generic,
          st_stairs_11, fungi_pond_lemuel, uniq_urug
Lair:5:   due_jungle_book, layout_misc_corridors, slime_entry_1, uniq_josephine
Swamp:1:  layout_basic_swamp, gammafunk_ghost_split,
          nicolae_swamp_orc_logging_accident, infiniplex_staircase_pool
Swamp:2:  gammafunk_sealed_arena, layout_basic_swamp, nicolae_swamp_treefoil,
          swamp_pool1, nicolae_swamp_stuck_in_the_mud
Swamp:3:  layout_basic_swamp, nicolae_swamp_small_spring
Swamp:4:  swamp_basic_johnstein, layout_basic_swamp, swamp_pool1,
          nicolae_swamp_super_fun_site
Spider:1: nicolae_spider_hilbert_zone_3 [nicolae_spider_hilbert_4_sides_2_open,
          nicolae_spider_hilbert_3_sides_1_open,
          nicolae_spider_hilbert_3_sides_1_open,
          nicolae_spider_hilbert_3_sides_1_open,
          nicolae_spider_hilbert_3_sides_1_open,
          nicolae_spider_hilbert_4_sides_1_open,
          nicolae_spider_hilbert_4_sides_1_open,
          nicolae_spider_hilbert_4_sides_1_open,
          nicolae_spider_hilbert_4_sides_1_open,
          nicolae_spider_hilbert_4_sides_1_open,
          nicolae_spider_hilbert_4_sides_1_open,
          nicolae_spider_hilbert_4_sides_1_open,
          nicolae_spider_hilbert_4_sides_1_open,
          nicolae_spider_hilbert_3_sides_1_open,
          nicolae_spider_hilbert_3_sides_1_open,
          nicolae_spider_hilbert_3_sides_1_open,
          nicolae_spider_hilbert_3_sides_1_open], uniq_asterion
Spider:2: layout_spider_delve
Spider:3: layout_spider_delve, nicolae_crawler_farm
Spider:4: floodkiller_spider_rune_tomb, drop_trap, uniq_roxanne, uniq_arachne,
          uniq_aizul
Slime:1:  layout_caves
Slime:2:  layout_caves
Slime:3:  layout_caves
Slime:4:  layout_caves
Slime:5
Orc:1:    layout_diamond_mine, guppyfry_library_mini
Orc:2:    st_orc_rangers, layout_diamond_mine, statue_in_the_mist_lemuel
Elf:1:    layout_gridlike, serial_shops, shop, minmay_elf_demonology,
          amcnicky_altar_lugonu_corruption, grunt_megastairs_2
Elf:2:    elven_hall_of_blades_hangedman_original [nicolae_blade_bullseye],
          layout_loops_cross, mu_enter_wizlab_4, serial_shops,
          nicolae_shop_waterfront, nicolae_square_shop, nicolae_stop_n_shop_1,
          nicolae_shop_stone
Elf:3:    minmay_elf_hall_golems, layout_gridlike, serial_shops,
          nicolae_shop_advertising_works [nicolae_subvault_shop_adworks],
          uniq_mara, uniq_zenata
Vaults:1: nicolae_vaults_stairing_the_circle, ontoclasm_vaults_decontamination,
          v_pattern_2, vaults_room_door_ring, v_misc_17, grunt_vaults_twisty,
          st_lattice, nicolae_vaults_little_squares_5,
          nicolae_vaults_specimen_jars, ontoclasm_vaults_misaligned,
          vaults_room_fancy_cross, vaults_dpeg_encased_lava,
          hangedman_vaults_maws, layout_vaults_ring
Vaults:2: hangedman_vaults_variations, minmay_crypt_entry_necro_gods,
          nicolae_vaults_little_squares_4,
          vaults_standard_mumra_enter_the_diamond, ontoclasm_vaults_ring_large,
          vaults_room_door_ring, nicolae_vaults_angled_halls,
          ontoclasm_vaults_hangar, vaults_room_pools, layout_vaults_big_room
Vaults:3: vaults_dpeg_hooks, ontoclasm_vaults_ring_small,
          ontoclasm_vaults_pinch, hangedman_vaults_maws, hangedman_vaults_snaps,
          hangedman_vaults_hat, v_pattern_3, nicolae_vaults_network_quinsquares
          [nicolae_vaults_network_quincunx_subvault,
          nicolae_vaults_network_quincunx_subvault,
          nicolae_vaults_network_quincunx_subvault,
          nicolae_vaults_network_quincunx_subvault], v_misc_18,
          vaults_mumra_bighexcomb, vaults_room_hallway, layout_vaults_omnibox
Vaults:4: hangedman_vaults_slither, nicolae_vaults_windows_and_doors_thing,
          hangedman_vaults_locks, dpeg_vaults_waves,
          nicolae_vaults_network_barrier, v_misc_4, v_rooms_1,
          nicolae_vaults_little_squares_4, hangedman_vaults_corner_blocks,
          ontoclasm_vaults_fault, layout_vaults_omnicross, uniq_jory
Vaults:5: uniq_saint_roka
Crypt:1:  layout_catacombs, uniq_josephina, uniq_sojobo
Crypt:2:  cheibrodos_crypt_draghalla, layout_gridlike
Crypt:3:  church_of_pain_bobbens, layout_chaotic_city, minmay_misc_feat_pillars,
          grunt_ministairs_12
Depths:1: layout_cave_pools, serial_shops, nicolae_shop_hallway_plus,
          chequers_serial_rivers_room_a, hell_entry, grunt_decor_cap,
          nicolae_figureground_pulse, uniq_nikola
Depths:2: kennysheep_bubbly, layout_gridville, enter_ziggurat_e, hell_entry,
          rand_demon_pan_entry_3, infiniplex_staircase_pool_lava
Depths:3: minmay_ornate_pinched, layout_small_grid,
          nicolae_abyss_entry_one_way_or_another,
          nicolae_kikubaaqudgha_miasma_corner, hell_entry, firewood_loft,
          uniq_vv
Depths:4: grunt_x_marks_the_spot, layout_basic, serial_shops,
          nicolae_shop_stone, abyss_entry_small_statue_room, hell_entry,
          nicolae_ashenzari_skybound
Hell
Zot:1:    layout_basic, kennysheep_underground_church
Zot:2:    layout_gridlike
Zot:3:    cheibrodos_zot_enchanting_chambers, layout_gridlike, zot_minivault_2
Zot:4:    layout_twisted_circle, nicolae_rock_paper_scissors
Zot:5:    layout_onion

Skill      XL: |  1  2  3  4  5  6  7  8  9 10 11 12 13 14 15 16 17 18 19 20 21 22 23 24 25 26 |
---------------+-------------------------------------------------------------------------------+-----
Fighting       | 1 2 3 4 5 6 7 8 10 11 12 13 14 15 16 17 18 19 20 | 20.0
Unarmed Combat | 1 2 3 4 5 7 8 10 11 12 13 14 16 17 18 19 20 22 23 26 | 26.8
Invocations    | 1 2 4 5 7 |  7.4
Dodging        | 4 6 7 9 10 11 13 14 17 20 | 20.0
Armour         | 1 5 6 7 10 13 14 | 14.0
Shields        | 5 9 12 15 17 19 | 19.1
Ranged Weapons | |  1.2
Spellcasting   | |  1.0
Hexes          | |  2.0

Action                   |  1- 3 |  4- 6 |  7- 9 | 10-12 | 13-15 | 16-18 | 19-21 | 22-24 | 25-27 || total
-------------------------+-------+-------+-------+-------+-------+-------+-------+-------+-------++-------
Melee: Unarmed           |   135 |   149 |   264 |   616 |  1282 |  1463 |  1835 |  2228 |  1144 ||  9116
       Punch             |     1 |     3 |    12 |    51 |   118 |       |       |       |       ||   185
       Kick              |       |       |       |       |   234 |   667 |   837 |    18 |       ||  1756
       Bite              |       |       |       |       |       |       |   115 |   499 |   262 ||   876
       Headbutt          |       |       |       |       |       |       |       |       |   285 ||   285
Throw: Large rock        |       |       |     4 |       |     1 |     2 |       |     2 |       ||     9
       Dart              |       |       |       |    24 |     3 |       |       |       |       ||    27
       Boomerang         |       |       |       |     7 |       |       |       |       |       ||     7
Invok: Purification      |       |       |     1 |     2 |       |       |       |       |       ||     3
       Heal Other        |       |       |     1 |     9 |       |       |       |       |       ||    10
       Heal Self         |       |       |       |     5 |     2 |       |       |       |       ||     7
       Oozemancy         |       |       |       |       |     2 |     3 |     4 |     2 |       ||    11
Evoke: Wand              |       |       |       |     4 |     1 |       |       |       |     1 ||     6
       Condenser vane    |       |       |       |       |       |       |     1 |       |       ||     1
  Use: Scroll            |     1 |     6 |     9 |    21 |    13 |     8 |     6 |     7 |     5 ||    76
       Potion            |       |     1 |     1 |     3 |     2 |     1 |     7 |     2 |     9 ||    26
 Stab: Distracted        |       |       |       |     1 |     1 |     5 |     4 |     9 |     1 ||    21
       Invisible         |       |       |       |     2 |       |       |       |    10 |       ||    12
       Petrified         |       |       |       |       |     2 |       |       |       |       ||     2
       Confused          |       |       |       |       |     8 |    10 |     3 |     8 |    23 ||    52
       Sleeping          |       |       |       |       |       |     4 |     5 |    12 |     1 ||    22
Armor: Robe              |    55 |    63 |    85 |   106 |       |       |       |       |       ||   309
       Pearl dragon scal |       |       |       |   179 |   686 |   756 |   478 |   665 |   230 ||  2994
Dodge: Dodged            |    54 |    81 |   131 |   317 |   749 |   888 |   800 |  1561 |   526 ||  5107
Block: Kite shield       |       |       |       |       |   137 |  1222 |       |  1031 |       ||  2390
       Tower shield      |       |       |       |       |       |    83 |  2524 |  2070 |  1264 ||  5941

Table legend: (Time is in decaauts)
 A = Elapsed time spent in this place.
 B = Non-inter-level travel time spent in this place.
 C = Inter-level travel time spent in this place.
 D = Time resting spent in this place.
 E = Time spent auto-exploring this place.
 F = Levels seen in this place.
 G = Mean time per level.
                   A        B        C        D        E       F      G
               +--------+--------+--------+--------+--------+-----+--------+
         Total |  50801 |  44532 |   6269 |    632 |  30353 |  69 |  736.2 |
       Dungeon |  12602 |  10735 |   1867 |    123 |   8139 |  15 |  840.1 |
        Temple |     43 |     26 |     17 |      0 |     18 |   1 |   43.0 |
          Lair |   5444 |   4611 |    833 |      0 |   3652 |   5 | 1088.8 |
         Swamp |   2626 |   2459 |    167 |     51 |   1559 |   4 |  656.5 |
   Spider Nest |   3989 |   3542 |    447 |     15 |   2156 |   4 |  997.2 |
    Slime Pits |    399 |    313 |     86 |      0 |    250 |   5 |   79.8 |
  Orcish Mines |   1485 |   1072 |    413 |      0 |    790 |   2 |  742.5 |
   Elven Halls |   2587 |   2309 |    278 |      0 |   1464 |   3 |  862.3 |
        Vaults |   6058 |   5347 |    711 |      0 |   3631 |   5 | 1211.6 |
         Crypt |   3435 |   2961 |    474 |      0 |   1806 |   3 | 1145.0 |
        Depths |   4811 |   4064 |    747 |    346 |   2639 |   4 | 1202.8 |
          Hell |    156 |    156 |      0 |      0 |      0 |   1 |  156.0 |
           Zot |   4458 |   4233 |    225 |     73 |   2899 |   5 |  891.6 |
         Abyss |    652 |    652 |      0 |      0 |    309 |   6 |  108.7 |
        Bazaar |    107 |    107 |      0 |      0 |    101 |   1 |  107.0 |
         Sewer |    273 |    273 |      0 |      0 |    136 |   1 |  273.0 |
       Ossuary |    185 |    185 |      0 |      0 |    107 |   1 |  185.0 |
      Ice Cave |    730 |    730 |      0 |      0 |    483 |   1 |  730.0 |
        Wizlab |    489 |    489 |      0 |      0 |    212 |   1 |  489.0 |
      Gauntlet |    262 |    262 |      0 |     24 |      0 |   1 |  262.0 |
               +--------+--------+--------+--------+--------+-----+--------+

Top non-repeatable levels by time:
 Crypt:3: 1471 daAuts
Depths:4: 1454 daAuts
     D:5: 1417 daAuts
Depths:1: 1378 daAuts
Vaults:4: 1309 daAuts
  Lair:5: 1306 daAuts
Vaults:5: 1301 daAuts
   Zot:3: 1251 daAuts
Spider:4: 1235 daAuts
  Lair:1: 1224 daAuts
     D:9: 1219 daAuts
Vaults:2: 1204 daAuts
Vaults:1: 1147 daAuts
    D:11: 1129 daAuts
Vaults:3: 1095 daAuts
